[Event "GER-chT Youth Countries 2020"]
[Site "Berlin"]
[Date "2020.09.30"]
[Round "2"]
[White "Dahl, Christoph"]
[Black "Musiolik, David"]
[Result "0-1"]
[ECO "A06"]
[WhiteElo "2262"]
[BlackElo "2198"]
[Annotator "ChessBase"]
[PlyCount "93"]
[EventDate "2020.09.30"]
[EventType "team-tourn"]
[EventRounds "7"]
[EventCountry "GER"]
[SourceTitle "playchess.com"]
[Source "ChessBase"]
[SourceQuality "1"]
[WhiteTeam "Sachsen"]
[BlackTeam "Rheinland-Pfalz"]
[WhiteTeamCountry "GER"]
[BlackTeamCountry "GER"]
[TimeControl "30/5400+30:0"]

1. Nf3 d5 2. g3 g6 3. Bg2 Bg7 4. d4 c6 5. O-O Nf6 6. Re1 O-O 7. Nc3 Ne4 8. Nxe4 dxe4 9. Ne5 Bf5 10. g4 Be6 11. Bxe4 Nd7 12. Nxd7 Qxd7 13. g5 Qxd4 14. Qxd4 Bxd4 15. c3 Bb6 16. Bc2 Rfd8 17. Bf4 Rd7 18. a4 Rad8 19. Red1 Bg4 20. Kf1 f6 21. Rxd7 Rxd7 22. Rd1 Rxd1+ 23. Bxd1 Kf7 24. Kg2 Bc5 25. Bb3+ Be6 26. Bc2 Bc4 27. e4 a6 28. h4 e5 29. Bd2 Be6 30. f4 exf4 31. Bxf4 fxg5 32. hxg5 Ke7 33. Kf3 Bd6 34. Bxd6+ Kxd6 35. Kf4 a5 36. Bd1 b5 37. Bc2 Bc4 38. Bd1 Be6 39. b4 c5 40. bxc5+ Kxc5 41. axb5 Kxb5 42. Ke5 Bg8 43. Kf6 a4 44. Bxa4+ Kxa4 45. e5 Kb5 46. e6 Kc6 47. e7 0-1

[Event "GER-chT Youth Countries 2020"]
[Site "Berlin"]
[Date "2020.09.30"]
[Round "2"]
[White "Hommer, Jeremy"]
[Black "Poetsch, Leonore"]
[Result "0-1"]
[ECO "D00"]
[WhiteElo "2246"]
[BlackElo "1984"]
[Annotator "ChessBase"]
[PlyCount "109"]
[EventDate "2020.09.30"]
[EventType "team-tourn"]
[EventRounds "7"]
[EventCountry "GER"]
[SourceTitle "playchess.com"]
[Source "ChessBase"]
[SourceQuality "1"]
[WhiteTeam "Niedersachsen"]
[BlackTeam "Hessen"]
[WhiteTeamCountry "GER"]
[BlackTeamCountry "GER"]
[TimeControl "30/5400+30:0"]

1. d4 d5 2. Bf4 Nf6 3. e4 Bf5 4. c4 e6 5. Nc3 c6 6. Qb3 b6 7. Nf3 Nbd7 8. h3 Be7 9. Be2 O-O 10. O-O dxc4 11. Bxc4 c5 12. Qd1 a6 13. a4 Qc8 14. Qe2 Nxe4 15. d5 Nxc3 16. bxc3 Nf6 17. d6 Bd8 18. Rfd1 Ne4 19. Rac1 Bf6 20. Ne5 Rd8 21. f3 Nxd6 22. Rxd6 Rxd6 23. Qe4 Bxh3 24. gxh3 Bxe5 25. Bxe5 Rd7 26. Kh1 Kh8 27. Rg1 f6 28. Bf4 e5 29. Be3 Rd6 30. Kh2 Qd7 31. Ra1 Qc8 32. Bd5 Rb8 33. Rb1 f5 34. c4 f4 35. Bd2 Rh6 36. Qe1 Qe8 37. Bc3 Rh5 38. a5 bxa5 39. Rxb8 Qxb8 40. Bxa5 Rg5 41. Be6 Rg6 42. Bd5 Qb2+ 43. Kh1 Rg3 44. Be6 Qa3 45. Bc7 Rxf3 46. Qg1 Qd3 47. Bxe5 Rg3 48. Bxg7+ Rxg7 49. Bg4 Qe4+ 50. Kh2 h5 51. Qd1 hxg4 52. Qd8+ Kh7 53. Qh4+ Kg8 54. Qd8+ Kf7 55. Qd7+ 0-1

[Event "GER-chT Youth Countries 2020"]
[Site "Berlin"]
[Date "2020.09.30"]
[Round "2"]
[White "Costa, Leonardo"]
[Black "Deuer, Marius"]
[Result "1/2-1/2"]
[ECO "C44"]
[WhiteElo "2245"]
[BlackElo "2161"]
[Annotator "ChessBase"]
[PlyCount "83"]
[EventDate "2020.09.30"]
[EventType "team-tourn"]
[EventRounds "7"]
[EventCountry "GER"]
[SourceTitle "playchess.com"]
[Source "ChessBase"]
[SourceQuality "1"]
[WhiteTeam "Bayern"]
[BlackTeam "Württemberg"]
[WhiteTeamCountry "GER"]
[BlackTeamCountry "GER"]
[TimeControl "30/5400+30:0"]

1. e4 e5 2. Nf3 Nc6 3. d4 exd4 4. Nxd4 Nf6 5. Nc3 Bb4 6. Nxc6 bxc6 7. Bd3 d5 8. exd5 O-O 9. O-O cxd5 10. h3 Bd6 11. Qf3 Rb8 12. Re1 Re8 13. Rxe8+ Qxe8 14. Bg5 Qe5 15. Bxf6 Qh2+ 16. Kf1 Qh1+ 17. Ke2 Qxa1 18. Nxd5 gxf6 19. Qxf6 Bg4+ 20. hxg4 Qxb2 21. Bxh7+ Kxh7 22. Qxf7+ Kh8 23. Qh5+ Kg7 24. Qg5+ Kf7 25. Qh5+ Kf8 26. Qf5+ Ke8 27. Qg6+ Kd7 28. Nf6+ Kc8 29. Qg8+ Kb7 30. Qd5+ Ka6 31. Qc6+ Qb6 32. Qa4+ Qa5 33. Qc6+ Rb6 34. Qe8 Qe5+ 35. Qxe5 Bxe5 36. Nd7 Re6 37. Nc5+ Kb5 38. Nxe6 Kb4 39. Kd3 a5 40. f4 Bh8 41. Nxc7 a4 42. Nd5+ 1/2-1/2

[Event "GER-chT Youth Countries 2020"]
[Site "Berlin"]
[Date "2020.09.30"]
[Round "2"]
[White "Colbow, Collin"]
[Black "Kuznecovs, Nikita"]
[Result "1-0"]
[ECO "C03"]
[WhiteElo "2210"]
[BlackElo "2276"]
[Annotator "ChessBase"]
[PlyCount "87"]
[EventDate "2020.09.30"]
[EventType "team-tourn"]
[EventRounds "7"]
[EventCountry "GER"]
[SourceTitle "playchess.com"]
[Source "ChessBase"]
[SourceQuality "1"]
[WhiteTeam "Bremen"]
[BlackTeam "Thüringen"]
[WhiteTeamCountry "GER"]
[BlackTeamCountry "LAT"]
[TimeControl "30/5400+30:0"]

1. e4 e6 2. d4 d5 3. Nd2 Be7 4. Bd3 c5 5. dxc5 Nf6 6. Qe2 O-O 7. Ngf3 a5 8. O-O Na6 9. e5 Nd7 10. c4 Ndxc5 11. Bb1 Nb4 12. Rd1 b6 13. Nd4 dxc4 14. Nxc4 Ba6 15. a3 Nd5 16. Qc2 g6 17. Bh6 Rc8 18. Bxf8 Bxf8 19. Nd6 Bxd6 20. exd6 e5 21. Nc6 Rxc6 22. Rxd5 Rxd6 23. Rxd6 Qxd6 24. Ba2 Qd4 25. Qc3 Qf4 26. Qe3 Qf6 27. Rd1 a4 28. Rd5 e4 29. Qd4 Qxd4 30. Rxd4 Bd3 31. Rd6 b5 32. Rf6 Nb3 33. Bxb3 axb3 34. Rd6 Kf8 35. Rd4 Ke7 36. Rb4 Kd6 37. Rxb3 f5 38. f4 Kd5 39. Kf2 Kd4 40. Rb4+ Bc4 41. b3 Kd3 42. bxc4 bxc4 43. Ke1 c3 44. Rb7 1-0

[Event "GER-chT Youth Countries 2020"]
[Site "Berlin"]
[Date "2020.09.30"]
[Round "2"]
[White "Fromm, Marius"]
[Black "Hesse, Henrik"]
[Result "1/2-1/2"]
[ECO "C42"]
[WhiteElo "2190"]
[BlackElo "2242"]
[Annotator "ChessBase"]
[PlyCount "37"]
[EventDate "2020.09.30"]
[EventType "team-tourn"]
[EventRounds "7"]
[EventCountry "GER"]
[SourceTitle "playchess.com"]
[Source "ChessBase"]
[SourceQuality "1"]
[WhiteTeam "Mecklenburg-Vorpommern"]
[BlackTeam "Berlin"]
[WhiteTeamCountry "GER"]
[BlackTeamCountry "GER"]
[TimeControl "30/5400+30:0"]

1. e4 e5 2. Nf3 Nf6 3. Nxe5 d6 4. Nf3 Nxe4 5. d4 d5 6. Bd3 Nc6 7. O-O Be7 8. Re1 Bf5 9. Nbd2 Nd6 10. Nf1 O-O 11. Ng3 Bg6 12. c3 Rb8 13. a4 Bf6 14. Ne5 Bxe5 15. dxe5 Ne4 16. f4 Nxg3 17. hxg3 Bxd3 18. Qxd3 d4 19. Bd2 1/2-1/2

[Event "GER-chT Youth Countries 2020"]
[Site "Berlin"]
[Date "2020.09.30"]
[Round "2"]
[White "Lesny, Florian"]
[Black "Knuedel, Torben"]
[Result "0-1"]
[ECO "C50"]
[WhiteElo "2178"]
[BlackElo "2211"]
[Annotator "ChessBase"]
[PlyCount "50"]
[EventDate "2020.09.30"]
[EventType "team-tourn"]
[EventRounds "7"]
[EventCountry "GER"]
[SourceTitle "playchess.com"]
[Source "ChessBase"]
[SourceQuality "1"]
[WhiteTeam "Hessen"]
[BlackTeam "Niedersachsen"]
[WhiteTeamCountry "GER"]
[BlackTeamCountry "GER"]
[TimeControl "30/5400+30:0"]

1. e4 e5 2. Nf3 Nc6 3. Bc4 Bc5 4. O-O Nf6 5. d3 a6 6. c3 Ba7 7. Re1 d6 8. Bb3 O-O 9. h3 h6 10. Nbd2 Nh5 11. Nf1 Qf6 12. Be3 Bxe3 13. Nxe3 Nf4 14. Nd5 Nxd5 15. exd5 Ne7 16. d4 Ng6 17. dxe5 dxe5 18. Nh2 Bd7 19. Qf3 Qd6 20. Bc2 f5 21. Qg3 Rae8 22. Rad1 Rf6 23. Qe3 Nf4 24. Nf1 e4 25. c4 b6 0-1

[Event "GER-chT Youth Countries 2020"]
[Site "Berlin"]
[Date "2020.09.30"]
[Round "2"]
[White "Milare, Tyron"]
[Black "Niermann, Tristan"]
[Result "1/2-1/2"]
[ECO "A61"]
[WhiteElo "2176"]
[BlackElo "2262"]
[Annotator "ChessBase"]
[PlyCount "133"]
[EventDate "2020.09.30"]
[EventType "team-tourn"]
[EventRounds "7"]
[EventCountry "GER"]
[SourceTitle "playchess.com"]
[Source "ChessBase"]
[SourceQuality "1"]
[WhiteTeam "Brandenburg"]
[BlackTeam "Nordrhein-Westfalen"]
[WhiteTeamCountry "GER"]
[BlackTeamCountry "GER"]
[TimeControl "30/5400+30:0"]

1. d4 Nf6 2. Nf3 e6 3. c4 c5 4. d5 exd5 5. cxd5 d6 6. Nc3 g6 7. e4 a6 8. a4 Bg7 9. h3 O-O 10. Be2 Nbd7 11. O-O Qe7 12. Bd3 Nh5 13. Bg5 Bf6 14. Bh6 Re8 15. Qd2 Ne5 16. Nxe5 Qxe5 17. Be3 g5 18. f4 gxf4 19. Bxf4 Nxf4 20. Qxf4 Qxf4 21. Rxf4 Be5 22. Rf3 Rb8 23. Ra2 Bd7 24. a5 b5 25. axb6 Rxb6 26. Bc4 Rf8 27. b3 f5 28. exf5 Bxf5 29. Ne2 Bc8 30. Rxf8+ Kxf8 31. Kf2 Rb7 32. Ke3 Re7 33. Nf4 Bd4+ 34. Kf3 Re3+ 35. Kf2 Rxb3+ 36. Ke2 Rb2+ 37. Rxb2 Bxb2 38. Ne6+ Ke7 39. Kd3 a5 40. Kc2 Bf6 41. Kb3 Bh4 42. g4 h6 43. Ng7 Kf6 44. Nf5 Bxf5 45. gxf5 Kxf5 46. Bb5 Ke4 47. Kc4 Ke3 48. Ba4 Kd2 49. Bb5 Kc2 50. Ba4+ Kb2 51. Bd7 Ka3 52. Be8 Kb2 53. Bd7 Kc2 54. Ba4+ Kd2 55. Bb5 Ke3 56. Bc6 Ke4 57. Bb5 Kf4 58. Bd7 Kg3 59. Kb5 Bd8 60. Bc8 Kf4 61. Bd7 h5 62. Kc4 Kg3 63. Kb5 h4 64. Bc8 Kf3 65. Bd7 Kf4 66. Kc4 Ke3 67. Bc6 1/2-1/2

[Event "GER-chT Youth Countries 2020"]
[Site "Berlin"]
[Date "2020.09.30"]
[Round "2"]
[White "Nguyen, Huy Dat"]
[Black "Weidenhoefer, Max"]
[Result "1-0"]
[ECO "B19"]
[WhiteElo "2166"]
[BlackElo "1897"]
[Annotator "ChessBase"]
[PlyCount "87"]
[EventDate "2020.09.30"]
[EventType "team-tourn"]
[EventRounds "7"]
[EventCountry "GER"]
[SourceTitle "playchess.com"]
[Source "ChessBase"]
[SourceQuality "1"]
[WhiteTeam "Thüringen"]
[BlackTeam "Bremen"]
[WhiteTeamCountry "GER"]
[BlackTeamCountry "GER"]
[TimeControl "30/5400+30:0"]

1. e4 c6 2. d4 d5 3. Nc3 dxe4 4. Nxe4 Bf5 5. Ng3 Bg6 6. h4 h6 7. Nf3 Nd7 8. h5 Bh7 9. Bd3 Bxd3 10. Qxd3 e6 11. Bd2 Ngf6 12. O-O-O Qc7 13. Ne4 Nxe4 14. Qxe4 Nf6 15. Qe2 O-O-O 16. Kb1 Kb8 17. c4 Bd6 18. Ne5 Bxe5 19. dxe5 Nd7 20. Bc3 Nb6 21. b3 Rxd1+ 22. Rxd1 Rd8 23. Kc2 Kc8 24. f4 c5 25. Rxd8+ Qxd8 26. Qg4 Qg8 27. Qf3 Nd7 28. g4 Nb8 29. Qd3 Qd8 30. Qh7 Qf8 31. f5 Nc6 32. f6 gxf6 33. exf6 Nb4+ 34. Bxb4 cxb4 35. Qg7 Qc5 36. Qg8+ Kd7 37. Qxf7+ Kd8 38. Qxe6 Qf2+ 39. Kd3 Qf3+ 40. Kd4 Qf4+ 41. Kd5 Qf3+ 42. Ke5 Qe3+ 43. Kf5 Qc5+ 44. Qd5+ 1-0

[Event "GER-chT Youth Countries 2020"]
[Site "Berlin"]
[Date "2020.09.30"]
[Round "2"]
[White "Hinrichs, Paul"]
[Black "Burian, Simon"]
[Result "1-0"]
[ECO "A57"]
[WhiteElo "2152"]
[BlackElo "2113"]
[Annotator "ChessBase"]
[PlyCount "71"]
[EventDate "2020.09.30"]
[EventType "team-tourn"]
[EventRounds "7"]
[EventCountry "GER"]
[SourceTitle "playchess.com"]
[Source "ChessBase"]
[SourceQuality "1"]
[WhiteTeam "Rheinland-Pfalz"]
[BlackTeam "Sachsen"]
[WhiteTeamCountry "GER"]
[BlackTeamCountry "GER"]
[TimeControl "30/5400+30:0"]

1. d4 Nf6 2. c4 c5 3. d5 b5 4. cxb5 a6 5. b6 e6 6. Nc3 Nxd5 7. Nxd5 exd5 8. Qxd5 Nc6 9. Nf3 Rb8 10. Ne5 Qf6 11. Nxc6 dxc6 12. Qf3 Be7 13. Bd2 O-O 14. Bc3 Qg6 15. e4 Bg4 16. Qe3 Rfe8 17. Bd3 c4 18. Bc2 c5 19. O-O Rxb6 20. f4 Qh5 21. h3 Bd7 22. Rad1 Bc6 23. e5 f5 24. Rd2 Bf8 25. Rfd1 Qf7 26. a4 Rbb8 27. a5 Kh8 28. g4 fxg4 29. hxg4 Kg8 30. Rh2 g6 31. f5 Bg7 32. Rxh7 gxf5 33. Bxf5 Rbd8 34. Rxd8 Rxd8 35. e6 Rd1+ 36. Kf2 1-0

[Event "GER-chT Youth Countries 2020"]
[Site "Berlin"]
[Date "2020.09.30"]
[Round "2"]
[White "Popvasilev, Kaloyan"]
[Black "Chassard, Cedric"]
[Result "1-0"]
[ECO "C48"]
[WhiteElo "2145"]
[BlackElo "1916"]
[Annotator "ChessBase"]
[PlyCount "61"]
[EventDate "2020.09.30"]
[EventType "team-tourn"]
[EventRounds "7"]
[EventCountry "GER"]
[SourceTitle "playchess.com"]
[Source "ChessBase"]
[SourceQuality "1"]
[WhiteTeam "Schleswig-Holstein"]
[BlackTeam "Saarland"]
[WhiteTeamCountry "GER"]
[BlackTeamCountry "GER"]
[TimeControl "30/5400+30:0"]

1. e4 e5 2. Nc3 Nf6 3. Nf3 Nc6 4. Bb5 Bd6 5. a3 O-O 6. d3 Re8 7. Bc4 h6 8. g4 Nh7 9. h4 Nf8 10. g5 h5 11. g6 Nxg6 12. Ng5 Re6 13. Qxh5 Be7 14. Qh7+ Kf8 15. Nxe6+ dxe6 16. h5 Bc5 17. hxg6 Qf6 18. Qh8+ Ke7 19. Qh4 Nd4 20. Qxf6+ Kxf6 21. Kd1 Kxg6 22. Rh8 f5 23. Be3 f4 24. Bxd4 exd4 25. Ne2 e5 26. f3 Be7 27. Kd2 Kf6 28. Rg1 Be6 29. Ra1 Bc8 30. Rg1 Be6 31. Rxa8 1-0

[Event "GER-chT Youth Countries 2020"]
[Site "Berlin"]
[Date "2020.09.30"]
[Round "2"]
[White "Gallasch, Jonas"]
[Black "Tiarks, Jann-Christian"]
[Result "1-0"]
[ECO "D36"]
[WhiteElo "2090"]
[BlackElo "2151"]
[Annotator "ChessBase"]
[PlyCount "58"]
[EventDate "2020.09.30"]
[EventType "team-tourn"]
[EventRounds "7"]
[EventCountry "GER"]
[SourceTitle "playchess.com"]
[Source "ChessBase"]
[SourceQuality "1"]
[WhiteTeam "Nordrhein-Westfalen"]
[BlackTeam "Brandenburg"]
[WhiteTeamCountry "GER"]
[BlackTeamCountry "GER"]
[TimeControl "30/5400+30:0"]

1. d4 d5 2. c4 e6 3. Nc3 c6 4. cxd5 exd5 5. Qc2 Nf6 6. Bg5 Be7 7. e3 O-O 8. Bd3 Nbd7 9. Nf3 Re8 10. O-O h6 11. Bh4 Ne4 12. Bxe7 Qxe7 13. Rab1 Ndf6 14. b4 Bf5 15. Na4 a5 16. Nb6 Ra7 17. b5 cxb5 18. Rxb5 Be6 19. Ne5 Ra6 20. Rc1 Nd6 21. Rbb1 Ra7 22. Qa4 Nc8 23. Qb5 Ra6 24. Na4 Nd6 25. Qb3 Raa8 26. Nb6 Rad8 27. Qa4 Bf5 28. Bxf5 Nxf5 29. Qxa5 Ne4 1-0

[Event "GER-chT Youth Countries 2020"]
[Site "Berlin"]
[Date "2020.09.30"]
[Round "2"]
[White "Bakiev, Diyor"]
[Black "Sreyas Payyappat"]
[Result "1-0"]
[ECO "C86"]
[WhiteElo "2070"]
[BlackElo "2144"]
[Annotator "ChessBase"]
[PlyCount "52"]
[EventDate "2020.09.30"]
[EventType "team-tourn"]
[EventRounds "7"]
[EventCountry "GER"]
[SourceTitle "playchess.com"]
[Source "ChessBase"]
[SourceQuality "1"]
[WhiteTeam "Hessen"]
[BlackTeam "Niedersachsen"]
[WhiteTeamCountry "GER"]
[BlackTeamCountry "IND"]
[TimeControl "30/5400+30:0"]

1. e4 e5 2. Nf3 Nc6 3. Bb5 a6 4. Ba4 Nf6 5. Qe2 b5 6. Bb3 Be7 7. O-O O-O 8. c3 d5 9. d3 Bg4 10. Rd1 d4 11. h3 Bh5 12. Nbd2 Qd7 13. Nf1 a5 14. Ng3 Bg6 15. a4 b4 16. cxd4 exd4 17. Bg5 Rfe8 18. Rac1 Nh5 19. Nxh5 Bxh5 20. Bxe7 Nxe7 21. g4 Bg6 22. Qc2 Qd6 23. Qxc7 Qf6 24. Kg2 h6 25. Qe5 Qa6 26. Bc4 Qb7 1-0

[Event "GER-chT Youth Countries 2020"]
[Site "Berlin"]
[Date "2020.09.30"]
[Round "2"]
[White "Jeschke, Jan"]
[Black "Arndt, Magnus"]
[Result "0-1"]
[ECO "B00"]
[WhiteElo "2043"]
[BlackElo "2298"]
[Annotator "ChessBase"]
[PlyCount "32"]
[EventDate "2020.09.30"]
[EventType "team-tourn"]
[EventRounds "7"]
[EventCountry "GER"]
[SourceTitle "playchess.com"]
[Source "ChessBase"]
[SourceQuality "1"]
[WhiteTeam "Saarland"]
[BlackTeam "Schleswig-Holstein"]
[WhiteTeamCountry "GER"]
[BlackTeamCountry "GER"]
[TimeControl "30/5400+30:0"]

1. e4 b6 2. Nc3 Bb7 3. d4 e6 4. Bd3 Nf6 5. Nge2 c5 6. O-O cxd4 7. Nxd4 d6 8. f4 Nbd7 9. e5 dxe5 10. fxe5 Nxe5 11. Bb5+ Ned7 12. Bg5 a6 13. Rxf6 gxf6 14. Nxe6 fxe6 15. Bxf6 Bc5+ 16. Kh1 Rg8 0-1

[Event "GER-chT Youth Countries 2020"]
[Site "Berlin"]
[Date "2020.09.30"]
[Round "2"]
[White "Ermitsch, Magnus"]
[Black "Lange, Jannis"]
[Result "1-0"]
[ECO "B33"]
[WhiteElo "2025"]
[BlackElo "2126"]
[Annotator "ChessBase"]
[PlyCount "48"]
[EventDate "2020.09.30"]
[EventType "team-tourn"]
[EventRounds "7"]
[EventCountry "GER"]
[SourceTitle "playchess.com"]
[Source "ChessBase"]
[SourceQuality "1"]
[WhiteTeam "Berlin"]
[BlackTeam "Mecklenburg-Vorpommern"]
[WhiteTeamCountry "GER"]
[BlackTeamCountry "GER"]
[TimeControl "30/5400+30:0"]

1. e4 c5 2. Nf3 Nc6 3. d4 cxd4 4. Nxd4 Nf6 5. Nc3 e5 6. Ndb5 d6 7. Bg5 a6 8. Na3 b5 9. Nd5 Be7 10. Bxf6 Bxf6 11. c4 b4 12. Nc2 Bg5 13. Qf3 O-O 14. h4 Bh6 15. Bd3 a5 16. Rd1 Be6 17. g4 Bf4 18. g5 Bxd5 19. exd5 Ne7 20. c5 Nc8 21. Qe4 g6 22. c6 Nb6 23. Ne3 Bxe3 24. fxe3 Na4 1-0

[Event "GER-chT Youth Countries 2020"]
[Site "Berlin"]
[Date "2020.09.30"]
[Round "2"]
[White "Pikalow, Michael"]
[Black "Hecht, Jonas Christian"]
[Result "1-0"]
[ECO "C87"]
[WhiteElo "2021"]
[BlackElo "1764"]
[Annotator "ChessBase"]
[PlyCount "49"]
[EventDate "2020.09.30"]
[EventType "team-tourn"]
[EventRounds "7"]
[EventCountry "GER"]
[SourceTitle "playchess.com"]
[Source "ChessBase"]
[SourceQuality "1"]
[WhiteTeam "Sachsen-Anhalt"]
[BlackTeam "Baden"]
[WhiteTeamCountry "GER"]
[TimeControl "30/5400+30:0"]

1. e4 e5 2. Nf3 Nc6 3. Bb5 a6 4. Ba4 Nf6 5. O-O d6 6. Re1 Be7 7. d3 O-O 8. c3 b5 9. Bc2 Na5 10. b4 Nc6 11. a4 Bb7 12. Na3 Qd7 13. Bb2 Na7 14. d4 exd4 15. cxd4 bxa4 16. d5 Qg4 17. h3 Qh5 18. Bxa4 c6 19. Rc1 Rac8 20. Qd4 Nb5 21. Bxb5 c5 22. bxc5 dxc5 23. Qd3 axb5 24. Qxb5 Rb8 25. Be5 1-0

[Event "GER-chT Youth Countries 2020"]
[Site "Berlin"]
[Date "2020.09.30"]
[Round "2"]
[White "Nguyen, Ha Thanh"]
[Black "Bildat, Emilia"]
[Result "1/2-1/2"]
[ECO "B35"]
[WhiteElo "2019"]
[BlackElo "1704"]
[Annotator "ChessBase"]
[PlyCount "94"]
[EventDate "2020.09.30"]
[EventType "team-tourn"]
[EventRounds "7"]
[EventCountry "GER"]
[SourceTitle "playchess.com"]
[Source "ChessBase"]
[SourceQuality "1"]
[WhiteTeam "Thüringen"]
[BlackTeam "Bremen"]
[WhiteTeamCountry "GER"]
[BlackTeamCountry "GER"]
[TimeControl "30/5400+30:0"]

1. e4 c5 2. Nf3 g6 3. d4 cxd4 4. Nxd4 Bg7 5. Nc3 Nc6 6. Be3 Nf6 7. Bc4 O-O 8. Bb3 d5 9. exd5 Na5 10. Nf3 Nxb3 11. axb3 b6 12. Qd2 Bb7 13. Rd1 Qc8 14. O-O Rd8 15. Bh6 Bxd5 16. Bxg7 Kxg7 17. Nxd5 Rxd5 18. Qe2 Rxd1 19. Rxd1 Qc7 20. Qd3 e5 21. Qc3 Qxc3 22. bxc3 e4 23. Nd4 a5 24. Ra1 Nd5 25. c4 Nc3 26. Kf1 Rd8 27. Ne2 Nd1 28. c5 bxc5 29. Rxa5 e3 30. Rxc5 exf2 31. Nc3 Ne3+ 32. Kxf2 Nxc2 33. Nd5 Nd4 34. b4 Rb8 35. Ke3 Nb5 36. Kd3 f5 37. Rc6 g5 38. Rb6 Rxb6 39. Nxb6 f4 40. Nd5 Kf7 41. Kc4 Nd6+ 42. Kc5 Ke6 43. h3 h5 44. h4 Nb7+ 45. Kd4 gxh4 46. Nxf4+ Kf5 47. Ke3 Ke5 1/2-1/2

[Event "GER-chT Youth Countries 2020"]
[Site "Berlin"]
[Date "2020.09.30"]
[Round "2"]
[White "Wu, Luka"]
[Black "Post, Hugo"]
[Result "0-1"]
[ECO "B80"]
[WhiteElo "2019"]
[BlackElo "2209"]
[Annotator "ChessBase"]
[PlyCount "32"]
[EventDate "2020.09.30"]
[EventType "team-tourn"]
[EventRounds "7"]
[EventCountry "GER"]
[SourceTitle "playchess.com"]
[Source "ChessBase"]
[SourceQuality "1"]
[WhiteTeam "Baden"]
[BlackTeam "Sachsen-Anhalt"]
[WhiteTeamCountry "GER"]
[BlackTeamCountry "GER"]
[TimeControl "30/5400+30:0"]

1. e4 c5 2. Nf3 d6 3. d4 cxd4 4. Nxd4 Nf6 5. Nc3 e6 6. Be3 a6 7. Be2 Qc7 8. O-O b5 9. a3 Bb7 10. Bd3 Nbd7 11. f4 Nc5 12. Qf3 Be7 13. Rae1 h5 14. Kh1 O-O-O 15. Bg1 h4 16. h3 Rdg8 0-1

[Event "GER-chT Youth Countries 2020"]
[Site "Berlin"]
[Date "2020.09.30"]
[Round "2"]
[White "Bashylina, Luisa"]
[Black "Jacoby, Angelina"]
[Result "1/2-1/2"]
[ECO "B01"]
[WhiteElo "2005"]
[BlackElo "1630"]
[Annotator "ChessBase"]
[PlyCount "95"]
[EventDate "2020.09.30"]
[EventType "team-tourn"]
[EventRounds "7"]
[EventCountry "GER"]
[SourceTitle "playchess.com"]
[Source "ChessBase"]
[SourceQuality "1"]
[WhiteTeam "Nordrhein-Westfalen"]
[BlackTeam "Brandenburg"]
[WhiteTeamCountry "GER"]
[BlackTeamCountry "GER"]
[TimeControl "30/5400+30:0"]

1. e4 d5 2. exd5 Qxd5 3. Nc3 Qd8 4. d4 Nf6 5. Nf3 Bg4 6. g3 c6 7. Bg2 e6 8. O-O Bd6 9. Be3 Nbd7 10. Qd2 O-O 11. h3 Bxf3 12. Bxf3 Nb6 13. Qd3 Nfd5 14. Nxd5 cxd5 15. b3 Rc8 16. a4 Bb4 17. a5 Na8 18. c4 Bxa5 19. cxd5 exd5 20. Qf5 Bc3 21. Rxa7 Qb6 22. Ra2 Bxd4 23. Bxd4 Qxd4 24. Bxd5 Rc7 25. Qf3 Nb6 26. Bxb7 Rc3 27. Qg2 Rxb3 28. Raa1 Rd3 29. Ba6 Rd2 30. Rab1 Nc4 31. Rb4 Rc2 32. Qb7 Qc5 33. Rb5 Qd4 34. Rb4 Qc5 35. Rb5 Qd4 36. Rd5 Qb6 37. Rd7 Qxb7 38. Bxb7 Ne5 39. Re7 Ng6 40. Re3 Rc7 41. Bg2 Rd8 42. Rfe1 Kf8 43. h4 Ne7 44. Be4 h6 45. g4 Rcd7 46. g5 hxg5 47. hxg5 Rd1 48. Kg2 1/2-1/2

[Event "GER-chT Youth Countries 2020"]
[Site "Berlin"]
[Date "2020.09.30"]
[Round "2"]
[White "Bardorz, Jana"]
[Black "Kadach, Maria"]
[Result "1-0"]
[ECO "B13"]
[WhiteElo "1960"]
[BlackElo "1539"]
[Annotator "ChessBase"]
[PlyCount "41"]
[EventDate "2020.09.30"]
[EventType "team-tourn"]
[EventRounds "7"]
[EventCountry "GER"]
[SourceTitle "playchess.com"]
[Source "ChessBase"]
[SourceQuality "1"]
[WhiteTeam "Bayern"]
[BlackTeam "Württemberg"]
[WhiteTeamCountry "GER"]
[BlackTeamCountry "GER"]
[TimeControl "30/5400+30:0"]

1. e4 c6 2. d4 d5 3. exd5 cxd5 4. Bd3 Nc6 5. c3 Qc7 6. Ne2 e6 7. Bf4 Bd6 8. Bxd6 Qxd6 9. O-O Nf6 10. Nd2 Bd7 11. f4 O-O 12. Nf3 Rfc8 13. Ne5 Na5 14. Ng3 b5 15. Nh5 Nxh5 16. Bxh7+ Kxh7 17. Qxh5+ Kg8 18. Qxf7+ Kh8 19. Rf3 Qxe5 20. Rh3+ Qh5 21. Rxh5# 1-0

[Event "GER-chT Youth Countries 2020"]
[Site "Berlin"]
[Date "2020.09.30"]
[Round "2"]
[White "Zackrisson, Peter"]
[Black "Muedder, Melanie"]
[Result "1-0"]
[ECO "B32"]
[WhiteElo "1947"]
[BlackElo "2039"]
[Annotator "ChessBase"]
[PlyCount "97"]
[EventDate "2020.09.30"]
[EventType "team-tourn"]
[EventRounds "7"]
[EventCountry "GER"]
[SourceTitle "playchess.com"]
[Source "ChessBase"]
[SourceQuality "1"]
[WhiteTeam "Brandenburg"]
[BlackTeam "Nordrhein-Westfalen"]
[WhiteTeamCountry "GER"]
[BlackTeamCountry "GER"]
[TimeControl "30/5400+30:0"]

1. e4 c5 2. Nf3 Nc6 3. d4 cxd4 4. Nxd4 e5 5. Nb5 d6 6. c4 Be7 7. N1c3 a6 8. Na3 f5 9. exf5 Bxf5 10. Nc2 Nf6 11. Bd3 Be6 12. O-O O-O 13. Ne3 Rc8 14. Ne4 Nd4 15. b3 b5 16. Nxf6+ Rxf6 17. Bb2 bxc4 18. Bxc4 Bxc4 19. Nxc4 Nf5 20. Qe2 Rg6 21. Rad1 Qc7 22. Rd3 Qb7 23. f3 Nh4 24. g3 Rf8 25. Nd2 Qc8 26. Kh1 Nf5 27. Ne4 Qe6 28. Rfd1 Qf7 29. Qf2 d5 30. Rxd5 Nd4 31. Rd7 Qe6 32. Rc7 Rxf3 33. Qg2 Rf8 34. Bxd4 exd4 35. Rc4 Rg4 36. Nf2 Qe2 37. Rf1 Rg5 38. Rxd4 Bc5 39. Re4 Qxa2 40. Nd3 Rxf1+ 41. Qxf1 h6 42. Nxc5 Kh7 43. Qd3 Rf5 44. Rf4 Qa1+ 45. Kg2 Qb2+ 46. Kh3 g6 47. Rxf5 gxf5 48. Qxf5+ Kg8 49. Ne6 1-0